 Dungeon Crawl Stone Soup version 0.17-a0-1011-gfa70bdd (webtiles) character file.

78 oplop the Poker (level 4, -1/35 HPs)
             Began as a Merfolk Gladiator on May 13, 2015.
             Was an Initiate of Cheibriados.
             Slain by a gnoll (2 damage)
             ... on level 3 of the Dungeon.
             The game lasted 00:02:15 (1348 turns).

oplop the Poker (Merfolk Gladiator)                 Turns: 1348, Time: 00:02:15

Health: -1/35      AC:  4    Str: 17    XL:     4   Next: 36%
Magic:  4/4        EV: 14    Int:  8    God:    Cheibriados [......]
Gold:   114        SH:  0    Dex: 15    Spells: 0 memorised, 3 levels left

rFire  . . .     SeeInvis .     a - +0 trident
rCold  . . .     Clarity  .     b - +0 leather armour
rNeg   . . .     SustAb   .     (no shield)
rPois  .         Gourm    .     c - +0 helmet
rElec  .         Spirit   .     (no cloak)
rCorr  .         Warding  .     (no gloves)
rMut   .         Stasis   .     (no boots)
MR     .....                    (no amulet)
Stlth  +.........               (no ring)
                                h - ring of wizardry

@: lethally poisoned (-1 -> -17), very slow, not resistant to hostile
enchantments, very unstealthy
A: change form in water, swift swim
a: Bend Time, Renounce Religion


You were on level 3 of the Dungeon.
You worshipped Cheibriados.
Cheibriados was noncommittal.
You were hungry.

You visited 1 branch of the dungeon, and saw 3 of its levels.

You collected 114 gold pieces.

Inventory:

Hand weapons
 a - a +0 trident (weapon)
Missiles
 d - 2 throwing nets (quivered)
Armour
 b - a +0 leather armour (worn)
 c - a +0 helmet (worn)
 x - a +0 cloak
Jewellery
 h - a ring of wizardry (left hand)
Scrolls
 f - 2 scrolls of random uselessness {unknown}
 g - 5 scrolls of identify {unknown}
 i - 3 scrolls of remove curse {unknown}
 l - a scroll of fog {unknown}
 n - a scroll of enchant armour {unknown}
 o - a scroll of enchant weapon {unknown}
 p - a scroll of recharging {unknown}
Potions
 j - a potion of degeneration {unknown}
 m - a potion of agility {unknown}
 q - a potion of flight {unknown}
 r - a potion of poison
 s - 2 potions of curing {unknown}
 u - a potion of cancellation {unknown}
 v - a potion of magic {unknown}
 w - a potion of brilliance {unknown}
Comestibles
 e - 5 bread rations
 k - a meat ration
 t - 2 chunks of flesh


   Skills:
 + Level 3.2 Fighting
 + Level 5.5 Polearms
 - Level 2.0 Throwing
 + Level 5.1 Dodging
 + Level 0.2 Invocations


You had 3 spell levels left.
You didn't know any spells.

Dungeon Overview and Level Annotations

Branches:
Dungeon (3/15)

Altars:
Cheibriados


Message History

You hit the gnoll but do no damage.
The gnoll is severely wounded.
The gnoll hits you but does no damage. The gnoll closely misses you.
You puncture the gnoll!
You kill the gnoll!
Cheibriados appreciates the change of pace.
The gnoll hits you but does no damage.
You puncture the gnoll!
The gnoll is heavily wounded.
The gnoll hits you.
* * * LOW HITPOINT WARNING * * *
The gnoll hits you from afar with a spear.
* * * LOW HITPOINT WARNING * * *
Drink which item? (? for menu, Esc to quit)
It was a potion of poison.
That liquid tasted very nasty...
You are lethally poisoned!
* * * LOW HITPOINT WARNING * * *
You feel sick. The gnoll hits you.
You die...

##.####.#.###..#
#..........>.... ...##
#........###..##.#.........
.....
..#.###.......##.#........#
##.## ###
###.#.#............... .#
.....#..#..#........# .
#..#..#.....#.....# .
#.g......#.........
##g#..##.#..##.##.#
#@#.....#.....##.#
#.................##...#
.....##...###.###.##...#
..## #.......# #.##...#
#.#.###.###†##...#
#.#...............
..##.....?.(.#...#
.###..............
..........#####


You could see 2 gnolls.

Vanquished Creatures
  A gnoll (D:3)
  2 adders (D:2)
  3 worms
  6 bats
  4 giant cockroaches (D:1)
  5 goblins
  6 hobgoblins
  2 jackals (D:1)
  3 giant geckos
  A giant newt (D:1)
  A kobold (D:1)
  5 rats
39 creatures vanquished.

Notes
Turn   | Place    | Note
--------------------------------------------------------------
     0 | D:1      | oplop the Merfolk Gladiator began the quest for the Orb.
     0 | D:1      | Reached XP level 1. HP: 16/16 MP: 1/1
   140 | D:1      | Reached XP level 2. HP: 21/23 MP: 2/2
   584 | D:1      | Reached skill level 5 in Polearms
   597 | D:1      | Reached XP level 3. HP: 24/28 MP: 3/3
  1116 | D:2      | Found a snail-covered altar of Cheibriados.
  1117 | D:2      | Reached XP level 4. HP: 35/35 MP: 4/4
  1141 | D:2      | Became a worshipper of Cheibriados the Contemplative
  1269 | D:3      | Reached skill level 5 in Dodging
  1348 | D:3      | HP: 1/35 [poison (a potion of poison)]
  1348 | D:3      | Slain by a gnoll

Vault maps used:
D:1:      ncdulo_wetmaze, serial_forest, infiniplex_forest_zigzag_1,
          infiniplex_forest_lined_2, infiniplex_forest_end_1,
          infiniplex_forest_straight_2
D:2:      cheibriados_altar_1, minivault_19
D:3:      first_bread, nemelex_deck

Action                   |  1- 3 |  4- 6 || total
-------------------------+-------+-------++-------
Melee: Trident           |   127 |    49 ||   176
Throw: Throwing net      |       |     1 ||     1
  Use: Potion            |       |     1 ||     1
 Stab: Sleeping          |     1 |       ||     1
  Eat: Chunk             |     1 |       ||     1
